IL
RENO ACES @ LOUISVILLE BATS
06/03/2045
 
TOP OF THE 1ST
Reno Aces batting - Pitching for Louisville Bats : LHP Zach Masengill
Pitching: LHP Zach Masengill
Batting: RHB Jon Solano 0-0: Ball
1-0: Called Strike
1-1: Ball
2-1: Called Strike
2-2: Ball
3-2: Fly out, F8 (Flyball, 8RXD, EV 81.2 MPH)
Batting: RHB Andy Swaim 0-0: Ball
1-0: Ground out 5-3 (Groundball, 56, EV 108.1 MPH)
Batting: SHB Troy Maynard 0-0: Ball
1-0: Ball
2-0: Called Strike
2-1: Swinging Strike
2-2: Strikes out looking
Top of the 1st over - 0 runs, 0 hits, 0 errors, 0 left on base; Reno 0 - Louisville 0
BOTTOM OF THE 1ST
Louisville Bats batting - Pitching for Reno Aces : RHP Bob Thompson
Pitching: RHP Bob Thompson
Batting: RHB Tim Wormell 0-0: Called Strike
0-1: Ball
1-1: Ball
2-1: Ball
3-1: Base on Balls
Batting: LHB Randy Racine 0-0: Fly out, F5 (Popup, 5, EV 58.1 MPH)
Batting: LHB Chris Grunwald 0-0: Ball
1-0: Foul Ball, location: 2F
1-1: Ball
2-1: Ball
3-1: Foul Ball, location: 2F
3-2: Strikes out swinging
Batting: SHB Freddie Farrar 0-0: Fly out, F8 (Flyball, 8RM, EV 89.4 MPH)
Bottom of the 1st over - 0 runs, 0 hits, 0 errors, 1 left on base; Reno 0 - Louisville 0
TOP OF THE 2ND
Reno Aces batting - Pitching for Louisville Bats : LHP Zach Masengill
Batting: RHB Scott Travis 0-0: Called Strike
0-1: Ball
1-1: Ball
2-1: SINGLE (Groundball, 56S, EV 73.1 MPH) (infield hit)
Batting: LHB Jeff Densmore 0-0: Called Strike
0-1: Ground out 4-3 (Groundball, 34D, EV 108.8 MPH)
Scott Travis to second
Batting: RHB Alex Vasquez 0-0: Ball
1-0: Ball
2-0: Called Strike
2-1: Ball
Scott Travis steals 3rd base (no throw)
3-1: Swinging Strike
3-2: Strikes out swinging
Batting: RHB John Gray 0-0: Foul Ball, location: 2F
0-1: Ball
1-1: Ball
2-1: Ground out 4-3 (Groundball, 4, EV 79.4 MPH)
Top of the 2nd over - 0 runs, 1 hit, 0 errors, 1 left on base; Reno 0 - Louisville 0
BOTTOM OF THE 2ND
Louisville Bats batting - Pitching for Reno Aces : RHP Bob Thompson
Batting: SHB Tim Utz 0-0: Ball
1-0: Ball
2-0: Swinging Strike
2-1: Ball
3-1: Base on Balls
Batting: LHB Manny Ruvalcaba 0-0: Swinging Strike
0-1: Ball
1-1: Called Strike
1-2: Ball
2-2: Strikes out looking
Batting: RHB Chris Zamora 0-0: Called Strike
0-1: Ball
1-1: Called Strike
1-2: Ball
2-2: Ball
3-2: Grounds into double play, 5-4-3 (Groundball, 15, EV 81.9 MPH)
Bottom of the 2nd over - 0 runs, 0 hits, 0 errors, 0 left on base; Reno 0 - Louisville 0
TOP OF THE 3RD
Reno Aces batting - Pitching for Louisville Bats : LHP Zach Masengill
Batting: LHB Ruben Rocha 0-0: Foul Ball, location: 2F
0-1: Swinging Strike
0-2: Ball
1-2: Strikes out swinging
Batting: RHB Tai Joo 0-0: Ball
1-0: Foul Ball, location: 2F
1-1: Called Strike
1-2: Strikes out swinging
Batting: RHB Jon Solano 0-0: Swinging Strike
0-1: Foul Ball, location: 2F
0-2: Strikes out swinging
Top of the 3rd over - 0 runs, 0 hits, 0 errors, 0 left on base; Reno 0 - Louisville 0
BOTTOM OF THE 3RD
Louisville Bats batting - Pitching for Reno Aces : RHP Bob Thompson
Batting: RHB Gerald de Vries 0-0: SINGLE (Line Drive, 9S, EV 99.4 MPH)
Batting: RHB Casey Truax 0-0: Ball
1-0: Ball
2-0: Called Strike
2-1: Foul Ball, location: 2F
2-2: Fly out, F7 (Flyball, 78D, EV 92.5 MPH)
Batting: RHB Tim Wormell 0-0: Ball
1-0: Ball
2-0: Ball
3-0: Called Strike
3-1: Fielders Choice at 2nd, 5-4 (Groundball, 5, EV 105.6 MPH)
Batting: LHB Randy Racine 0-0: Fly out, F8 (Flyball, 8RD, EV 100.6 MPH)
Bottom of the 3rd over - 0 runs, 1 hit, 0 errors, 1 left on base; Reno 0 - Louisville 0
TOP OF THE 4TH
Reno Aces batting - Pitching for Louisville Bats : LHP Zach Masengill
Batting: RHB Andy Swaim 0-0: Called Strike
0-1: Ball
1-1: Ball
2-1: Ground out 1-3 (Groundball, 15S, EV 70.6 MPH)
Batting: SHB Troy Maynard 0-0: Ball
1-0: Ball
2-0: Ground out 5-3 (Groundball, 56S, EV 90.0 MPH)
Batting: RHB Scott Travis 0-0: Called Strike
0-1: DOUBLE (Line Drive, 3D, EV 99.4 MPH)
Batting: LHB Jeff Densmore 0-0: Ball
1-0: Swinging Strike
1-1: Ball
2-1: SINGLE (Groundball, 3S, EV 75.6 MPH) (infield hit)
Scott Travis to third
Batting: RHB Alex Vasquez 0-0: Swinging Strike
0-1: SINGLE (Groundball, 4, EV 98.1 MPH)
Scott Travis scores
Jeff Densmore to second
Runner from 2nd tries for 3rd, SAFE, throw by CF made to third
Batting: RHB John Gray 0-0: Foul Ball, location: 2F
0-1: Ball
1-1: SINGLE (Groundball, 34D, EV 97.5 MPH)
Jeff Densmore scores
Alex Vasquez to second
Runner from 2nd tries for 3rd, OUT! 9-5
Top of the 4th over - 2 runs, 4 hits, 0 errors, 1 left on base; Reno 2 - Louisville 0
BOTTOM OF THE 4TH
Louisville Bats batting - Pitching for Reno Aces : RHP Bob Thompson
Batting: LHB Chris Grunwald 0-0: Ball
1-0: Ball
2-0: Ball
3-0: Called Strike
3-1: DOUBLE (Line Drive, 78XD, EV 101.2 MPH)
Batting: SHB Freddie Farrar 0-0: Fly out, F7 (Flyball, 7S, EV 75.0 MPH)
Batting: SHB Tim Utz 0-0: Swinging Strike
0-1: Ball
1-1: Ball
2-1: Foul Ball, location: 2F
2-2: Strikes out swinging
Batting: LHB Manny Ruvalcaba 0-0: Foul Ball, location: 2F
0-1: Swinging Strike
0-2: Ground out 4-3 (Groundball, 4S, EV 81.2 MPH)
Bottom of the 4th over - 0 runs, 1 hit, 0 errors, 1 left on base; Reno 2 - Louisville 0
TOP OF THE 5TH
Reno Aces batting - Pitching for Louisville Bats : LHP Zach Masengill
Batting: LHB Ruben Rocha 0-0: Ground out U3 (Groundball, 34S, EV 71.2 MPH)
Batting: RHB Tai Joo 0-0: Ball
1-0: Swinging Strike
1-1: Called Strike
1-2: Foul Ball, location: 2F
1-2: Strikes out looking
Batting: RHB Jon Solano 0-0: Foul Ball, location: 2F
0-1: Ball
1-1: Hit by Pitch
Batting: RHB Andy Swaim 0-0: Ball
1-0: Ball
2-0: Called Strike
2-1: Foul Ball, location: 2F
2-2: Foul Ball, location: 2F
2-2: Foul Ball, location: 2F
2-2: Ball
3-2: Foul Ball, location: 2F
3-2: SINGLE (Flyball, 6D, EV 88.1 MPH)
Jon Solano to second
Jon Solano to third
Batting: SHB Troy Maynard 0-0: Foul Ball, location: 2F
0-1: Ball
1-1: Ball
2-1: Ball
3-1: Foul Ball, location: 2F
3-2: Foul Ball, location: 2F
3-2: Base on Balls
Andy Swaim to second
Batting: RHB Scott Travis 0-0: Ball
1-0: Foul Ball, location: 2F
1-1: Swinging Strike
1-2: Ball
2-2: Strikes out swinging
Top of the 5th over - 0 runs, 1 hit, 0 errors, 3 left on base; Reno 2 - Louisville 0
BOTTOM OF THE 5TH
Louisville Bats batting - Pitching for Reno Aces : RHP Bob Thompson
Batting: RHB Chris Zamora 0-0: Called Strike
0-1: Called Strike
0-2: Ball
1-2: DOUBLE (Groundball, 5L, EV 100.6 MPH)
Batting: RHB Gerald de Vries 0-0: Ball
1-0: Fly out, F7 (Line Drive, 7, EV 90.0 MPH)
Lined into DP, 7-4 (Line Drive, 7, EV 90.0 MPH)
Batting: RHB Casey Truax 0-0: Ball
1-0: Ball
2-0: Called Strike
2-1: Foul Ball, location: 2F
2-2: Ball
3-2: Ground out 5-3 (Groundball, 5S, EV 85.6 MPH)
Bottom of the 5th over - 0 runs, 1 hit, 0 errors, 0 left on base; Reno 2 - Louisville 0
TOP OF THE 6TH
Reno Aces batting - Pitching for Louisville Bats : LHP Zach Masengill
Batting: LHB Jeff Densmore 0-0: Called Strike
0-1: Swinging Strike
0-2: Foul Ball, location: 2F
0-2: Ball
1-2: Ball
2-2: Ball
3-2: Foul Ball, location: 2F
3-2: Base on Balls
Pitching: RHP Tyrese Barnett
Batting: RHB Alex Vasquez 0-0: Swinging Strike
0-1: Swinging Strike
0-2: Ball
1-2: Ball
2-2: Strikes out swinging
Batting: RHB John Gray 0-0: Ball
1-0: Fly out, F8 (Flyball, 8LM, EV 88.8 MPH)
Batting: LHB Ruben Rocha 0-0: Called Strike
Jeff Densmore steals 2nd base
0-1: Ball
1-1: Ball
2-1: Fly out, F8 (Flyball, 8LXD, EV 103.1 MPH)
Top of the 6th over - 0 runs, 0 hits, 0 errors, 1 left on base; Reno 2 - Louisville 0
BOTTOM OF THE 6TH
Louisville Bats batting - Pitching for Reno Aces : RHP Bob Thompson
Batting: RHB Tim Wormell 0-0: Ball
1-0: Called Strike
1-1: Ground out 5-3 (Groundball, 56, EV 83.8 MPH)
Batting: LHB Randy Racine 0-0: Called Strike
0-1: Foul Ball, location: 2F
0-2: Fly out, F4 (Popup, 4, EV 72.5 MPH)
Batting: LHB Chris Grunwald 0-0: Ground out 4-3 (Groundball, 4M, EV 79.4 MPH)
Bottom of the 6th over - 0 runs, 0 hits, 0 errors, 0 left on base; Reno 2 - Louisville 0
TOP OF THE 7TH
Reno Aces batting - Pitching for Louisville Bats : RHP Tyrese Barnett
Batting: RHB Tai Joo 0-0: Ball
1-0: Ball
2-0: Foul Ball, location: 2F
2-1: Ground out 3-1 (Groundball, 34, EV 105.0 MPH)
Batting: RHB Jon Solano 0-0: Ball
1-0: Ground out 5-3 (Groundball, 5, EV 100.6 MPH)
Batting: RHB Andy Swaim 0-0: Called Strike
0-1: Ball
1-1: Ball
2-1: Foul Ball, location: 2F
2-2: Ball
3-2: Foul Ball, location: 2F
3-2: Fly out, F7 (Flyball, 78M, EV 85.6 MPH)
Top of the 7th over - 0 runs, 0 hits, 0 errors, 0 left on base; Reno 2 - Louisville 0
BOTTOM OF THE 7TH
Louisville Bats batting - Pitching for Reno Aces : RHP Bob Thompson
Batting: SHB Freddie Farrar 0-0: SINGLE (Line Drive, 9S, EV 95.6 MPH)
Batting: SHB Tim Utz 0-0: Swinging Strike
0-1: Ball
1-1: Foul Ball, location: 2F
1-2: Foul Ball, location: 2F
1-2: Ball
2-2: Ball
3-2: SINGLE (Line Drive, 8LS, EV 91.2 MPH)
Freddie Farrar to second
Freddie Farrar to third
Batting: LHB Manny Ruvalcaba 0-0: Called Strike
0-1: Foul Ball, location: 2F
0-2: Strikes out looking
Pinch Hitting: LHB Shawn Morrison 0-0: Swinging Strike
0-1: Ball
1-1: Ball
2-1: Ball
3-1: SINGLE (Line Drive, 56D, EV 96.2 MPH)
Freddie Farrar scores
Tim Utz to second
Pinch Hitting: SHB Paul Sandoval 0-0: Called Strike
0-1: Ball
1-1: Swinging Strike
1-2: Foul Ball, location: 2F
1-2: Strikes out swinging
Pitching: RHP Gerardo Camacho
Batting: RHB Casey Truax 0-0: Ball
1-0: Foul Ball, location: 2F
1-1: Called Strike
1-2: Foul Ball, location: 2F
1-2: Fly out, F8 (Flyball, 78D, EV 99.4 MPH)
Bottom of the 7th over - 1 run, 3 hits, 0 errors, 2 left on base; Reno 2 - Louisville 1
TOP OF THE 8TH
Reno Aces batting - Pitching for Louisville Bats : RHP Tyrese Barnett
Now at 1B: Paul Sandoval
Now in LF: Randy Racine
Now in CF: Shawn Morrison
Batting: SHB Troy Maynard 0-0: Foul Ball, location: 2F
0-1: Swinging Strike
0-2: Foul Ball, location: 2F
0-2: Fly out, F3 (Popup, 3SF, EV 80.0 MPH)
Batting: RHB Scott Travis 0-0: Ball
1-0: Ball
2-0: Called Strike
2-1: Ball
3-1: Foul Ball, location: 2F
3-2: Foul Ball, location: 2F
3-2: SINGLE (Line Drive, 7S, EV 91.2 MPH)
Batting: LHB Jeff Densmore
Pitching: LHP Katsusuke Suyama 0-0: Called Strike
0-1: Called Strike
Scott Travis steals 2nd base
0-2: Foul Ball, location: 2F
0-2: Ground out 6-3 (Groundball, 6, EV 83.1 MPH)
Scott Travis to third
Pitching: RHP Takashi Kashiwabara
Batting: RHB Alex Vasquez 0-0: Called Strike
0-1: Ball
1-1: Foul Ball, location: 2F
1-2: Ball
2-2: Foul Ball, location: 2F
2-2: Foul Ball, location: 2F
2-2: Ground out 6-3 (Groundball, 56, EV 83.1 MPH)
Top of the 8th over - 0 runs, 1 hit, 0 errors, 1 left on base; Reno 2 - Louisville 1
BOTTOM OF THE 8TH
Louisville Bats batting - Pitching for Reno Aces : RHP Gerardo Camacho
Batting: RHB Tim Wormell 0-0: Ball
1-0: Called Strike
1-1: Ball
2-1: SOLO HOME RUN (Flyball, 7D, EV 96.9 MPH), Distance : 365 ft
Batting: LHB Randy Racine 0-0: Called Strike
0-1: Foul Ball, location: 2F
0-2: Ball
1-2: Foul Ball, location: 2F
1-2: Ball
2-2: Strikes out swinging
Batting: LHB Chris Grunwald 0-0: Foul Ball, location: 2F
0-1: Ball
1-1: Ball
2-1: Ball
3-1: Base on Balls
Batting: SHB Freddie Farrar 0-0: Called Strike
0-1: Ball
1-1: Ball
2-1: Fielders Choice at 2nd, 5-4 (Groundball, 5, EV 102.5 MPH)
Batting: SHB Tim Utz 0-0: Swinging Strike
0-1: Foul Ball, location: 2F
0-2: Ground out 5-3 (Groundball, 6S, EV 76.9 MPH)
Bottom of the 8th over - 1 run, 1 hit, 0 errors, 1 left on base; Reno 2 - Louisville 2
TOP OF THE 9TH
Reno Aces batting - Pitching for Louisville Bats : RHP Takashi Kashiwabara
Batting: RHB John Gray 0-0: Ball
1-0: Foul Ball, location: 2F
1-1: Ball
2-1: Ball
3-1: Ground out 4-3 (Groundball, 4S, EV 86.9 MPH)
Batting: LHB Ruben Rocha 0-0: Foul Ball, location: 2F
0-1: Ball
1-1: Ball
2-1: Called Strike
2-2: Foul Ball, location: 2F
2-2: Ball
3-2: Ground out 4-3 (Groundball, 4, EV 83.1 MPH)
Batting: RHB Tai Joo 0-0: Ball
1-0: Ball
2-0: Ball
3-0: Ground out 3-1 (Groundball, 34S, EV 76.2 MPH)
Top of the 9th over - 0 runs, 0 hits, 0 errors, 0 left on base; Reno 2 - Louisville 2
BOTTOM OF THE 9TH
Louisville Bats batting - Pitching for Reno Aces : RHP Gerardo Camacho
Pitching: RHP Bill Pauley
Batting: LHB Manny Ruvalcaba 0-0: Ball
1-0: Called Strike
1-1: Foul Ball, location: 2F
1-2: Strikes out looking
Pitching: LHP Yorinobu Noguchi
Batting: LHB Shawn Morrison 0-0: Ball
1-0: Ball
2-0: Foul Ball, location: 2F
2-1: Ball
3-1: Base on Balls
Batting: SHB Paul Sandoval 0-0: Called Strike
0-1: Bunted foul
0-2: Ball
1-2: Ball
2-2: Fly out, F8 (Flyball, 8LM, EV 98.1 MPH)
Batting: RHB Casey Truax 0-0: Called Strike
Shawn Morrison steals 2nd base (no throw)
0-1: Ball
1-1: Called Strike
1-2: Ball
2-2: Ball
3-2: Foul Ball, location: 2F
3-2: Base on Balls
Batting: RHB Tim Wormell 0-0: Foul Ball, location: 2F
0-1: Ball
1-1: Swinging Strike
1-2: Strikes out swinging
Bottom of the 9th over - 0 runs, 0 hits, 0 errors, 2 left on base; Reno 2 - Louisville 2
TOP OF THE 10TH
Reno Aces batting - Pitching for Louisville Bats : RHP Takashi Kashiwabara
Batting: RHB Jon Solano 0-0: Called Strike
0-1: Ball
1-1: Called Strike
1-2: Ball
2-2: Ball
3-2: Strikes out swinging
Batting: RHB Andy Swaim 0-0: Bunt missed!
0-1: Foul Ball, location: 2F
0-2: Ball
1-2: Ball
2-2: Foul Ball, location: 2F
2-2: Ball
3-2: Foul Ball, location: 2F
3-2: Base on Balls
Batting: SHB Troy Maynard 0-0: Ball
1-0: Ball
2-0: Called Strike
2-1: Fly out, F8 (Flyball, 78XD, EV 93.8 MPH)
Pitching: RHP Chris Galo
Batting: RHB Scott Travis 0-0: Called Strike
0-1: Called Strike
0-2: Ball
Andy Swaim steals 2nd, throwing error, E2
Andy Swaim to third
1-2: SINGLE (Line Drive, 4D, EV 96.9 MPH)
Andy Swaim scores
Batting: LHB Jeff Densmore 0-0: Ball
1-0: Ball
2-0: 2-RUN HOME RUN (Flyball, 9D, EV 96.2 MPH), Distance : 373 ft
Batting: RHB Alex Vasquez 0-0: Ball
1-0: Ball
2-0: Foul Ball, location: 2F
2-1: Ball
3-1: Base on Balls
Batting: RHB John Gray 0-0: Called Strike
0-1: Ground out 6-3 (Groundball, P, EV 90.6 MPH)
Top of the 10th over - 3 runs, 2 hits, 1 error, 1 left on base; Reno 5 - Louisville 2
BOTTOM OF THE 10TH
Louisville Bats batting - Pitching for Reno Aces : LHP Yorinobu Noguchi
Batting: LHB Randy Racine 0-0: Swinging Strike
0-1: Fly out, F8 (Flyball, 8LM, EV 93.8 MPH)
Batting: LHB Chris Grunwald 0-0: Ball
1-0: Ball
2-0: Called Strike
2-1: Ball
3-1: Base on Balls
Batting: SHB Freddie Farrar 0-0: Called Strike
0-1: Ball
1-1: SINGLE (Flyball, 78S, EV 91.9 MPH)
Chris Grunwald to second
Batting: SHB Tim Utz 0-0: Called Strike
0-1: Swinging Strike
0-2: Fly out, F9 (Flyball, 89M, EV 95.6 MPH)
Pitching: RHP Stanford Placard
Batting: LHB Manny Ruvalcaba 0-0: Fly out, F7 (Flyball, 7LD, EV 91.9 MPH)
Bottom of the 10th over - 0 runs, 1 hit, 0 errors, 2 left on base; Reno 5 - Louisville 2
Wednesday, June 22nd , 2022 - OOTP Baseball 23.4 Build 64